 Dungeon Crawl Stone Soup version 0.24.1-4-ge52af88ad5 (webtiles) character file.

Game seed: 5669276291044367844, levelgen mode: deterministic

1595 Goreval the Carver (level 8, -2/67 HPs)
             Began as a Barachi Gladiator on Apr 21, 2020.
             Killed by divine providence
             ... invoked by an orc priest
              (14 damage)
             ... on level 6 of the Dungeon.
             The game lasted 00:09:49 (7789 turns).

Goreval the Carver (Barachi Gladiator)              Turns: 7789, Time: 00:09:50

Health: -2/67      AC:  8    Str: 17    XL:     8   Next: 93%
Magic:  8/8        EV: 13    Int:  8    God:
Gold:   137        SH:  0    Dex: 15    Spells: 7/7 levels left

rFire    . . .     SeeInvis .   a - +1 long sword
rCold    + . .     Gourm    .   (no shield)
rNeg     . . .     Faith    .   y - +0 ring mail
rPois    .         Spirit   .   c - +0 helmet
rElec    .         Reflect  .   (no cloak)
rCorr    .         Harm     .   (no gloves)
MR       .....                  t - +0 pair of boots
Stlth    +.........             (no amulet)
HPRegen  0.21/turn              w - +5 ring of slaying
MPRegen  0.11/turn              m - ring of protection from cold

@: can't hop, slow
A: +LOS, swims, slowness 1, strong legs 1
a: Hop


You were on level 6 of the Dungeon.
You were not hungry.

You visited 1 branch of the dungeon, and saw 6 of its levels.
You also visited: Sewer.

You collected 277 gold pieces.
You spent 140 gold pieces at shops.

Inventory:

Hand Weapons
 a - a +1 long sword (weapon)
 l - the +5 spear "Lifebane" {pain, *Contam rPois rF+ rC+, unknown}
   (You found it on level 6 of the Dungeon)

   In the hands of one skilled in necromantic magic, it inflicts extra damage on
   living creatures.
   It protects you from fire.
   It protects you from cold.
   It protects you from poison.
   It causes magical contamination when unequipped.
Missiles
 d - 2 throwing nets
 g - 124 stones (quivered)
Armour
 c - a +0 helmet (worn)
 t - a +0 pair of boots (worn)
 y - a +0 ring mail (worn)
Jewellery
 m - a ring of protection from cold (right hand)
 w - a +5 ring of slaying (left hand)
Wands
 v - a wand of clouds (4)
Scrolls
 h - a scroll of fog
 j - 2 scrolls of magic mapping
 k - a scroll of identify
 n - a scroll of amnesia {unknown}
 s - 2 scrolls of remove curse
 u - 2 scrolls of enchant weapon
 A - 2 scrolls of teleportation
Potions
 b - a potion of curing
 e - a potion of heal wounds
 o - 2 potions of brilliance
 p - a potion of ambrosia
 q - a potion of magic
 r - a potion of mutation
 x - a potion of might
 z - 4 potions of flight
Comestibles
 f - 13 rations


   Skills:
 + Level 7.0 Fighting
 * Level 9.9 Long Blades
 - Level 2.0 Throwing
 + Level 4.8 Armour
 - Level 5.0 Dodging


You had 7 spell levels left.
You didn't know any spells.
Your spell library was empty.

Dungeon Overview and Level Annotations

Branches:
Dungeon (6/15)              Sewer (visited)
 Temple: D:4-7

Altars:
Kikubaaqudgha
Okawaru
The Shining One

Shops:
D:4 !


Innate Abilities, Weirdness & Mutations

Shadows flee at your approach. (+LOS)
You can swim through water.
You cover ground slowly.
You can hop short distances.


Message History

Boing!
The orc priest looks encouraged for a moment.
The orc priest calls down the wrath of Beogh upon you.
Beogh smites you!
The orc priest miscasts a cantrip.
The orc priest mumbles some strange prayers to Beogh against you.
Pain shoots through your body!
The orc priest calls upon Beogh to heal the orc priest.
The orc priest is healed somewhat.
A puff of flame appears from out of thin air!
The puff of flame hits you.
The orc priest calls upon Beogh to heal the orc priest.
The orc priest's wounds heal themselves!
The orc priest begins to cast a cantrip, but forgets the words!
The orc priest calls down the wrath of Beogh upon you.
Beogh smites you!
* * * LOW HITPOINT WARNING * * *
The orc priest calls down the wrath of Beogh upon you.
Beogh smites you!
You die...

#######....# ...........##.#...#.
#≈≈≈≈≈#....# #(...........#.#...
#≈≈.≈≈'....#####†.......#....$...
#≈≈≈≈≈#......###........#.##.##..
#######....#.................#...
...........###...................
##.........#.................(...
#...........##......o..o........
###.......######@...o............
.........########...........!....
###.............................(
#......##########..##..........
#.......#########.####.........
#........................#.....
#......########...............
#......# #.#.##########.#
#......# ....#


You could see 3 orc priests.

Vanquished Creatures
  Eustachio (D:5)
  3 ogres
  A bullfrog (D:5)
  A gnoll sergeant (D:5)
  4 scorpions
  A howler monkey (D:5)
  5 hounds
  2 orc priests (D:5)
  2 iguanas
  2 orc wizards
  2 merfolk sirens (Sewer)
  3 worker ants
  A merfolk avatar (Sewer)
  A hound zombie (D:6)
  A hound skeleton (D:4)
  A worker ant zombie (D:5)
  Robin (D:4)
  2 howler monkey skeletons
  11 adders
  5 gnolls (D:5)
  A river rat (Sewer)
  A shadow imp (D:5)
  An ooze (D:2)
  A worm (D:2)
  3 dart slugs
  4 leopard geckos
  6 orcs
  14 bats
  3 bat zombies (D:2)
  7 giant cockroaches
  21 goblins
  7 hobgoblins
  3 jackals (D:4)
  2 quokkas (D:2)
  9 ball pythons
  4 frilled lizards
  7 kobolds
  A quokka skeleton (D:5)
  31 rats
  A rat zombie (D:2)
177 creatures vanquished.

Notes
Turn   | Place    | Note
-------+----------+-------------------------------------------
     0 | D:1      | Goreval the Barachi Gladiator began the quest for the Orb.
     0 | D:1      | Reached XP level 1. HP: 17/17 MP: 1/1
   333 | D:1      | Reached skill level 4 in Long Blades
   333 | D:1      | Reached XP level 2. HP: 23/23 MP: 2/2
   434 | D:1      | Found an iron altar of Okawaru.
   883 | D:1      | Reached XP level 3. HP: 28/28 MP: 3/3
  1761 | D:2      | Found an ancient bone altar of Kikubaaqudgha.
  1896 | D:2      | Reached XP level 4. HP: 35/35 MP: 4/4
  2054 | D:2      | Reached skill level 5 in Long Blades
  2922 | D:3      | Reached XP level 5. HP: 23/41 MP: 5/5
  3745 | D:4      | Noticed Robin
  3788 | D:4      | Noticed an ogre
  4074 | D:3      | Killed an ogre
  4074 | D:3      | Reached skill level 6 in Long Blades
  4074 | D:3      | Reached XP level 6. HP: 14/48 MP: 6/6
  4331 | D:4      | Killed Robin
  4498 | D:4      | Found Reabupti's Distillery.
  4533 | D:4      | Bought a potion of berserk rage for 70 gold pieces
  4533 | D:4      | Bought a potion of heal wounds for 70 gold pieces
  5000 | D:4      | Reached skill level 5 in Dodging
  5233 | D:5      | Entered Level 5 of the Dungeon
  5235 | D:5      | Noticed Eustachio
  5251 | D:5      | Killed Eustachio
  5251 | D:5      | Reached skill level 5 in Fighting
  5251 | D:5      | Reached skill level 7 in Long Blades
  5251 | D:5      | Reached skill level 1 in Armour
  5251 | D:5      | Reached XP level 7. HP: 48/56 MP: 7/7
  5609 | D:5      | Reached skill level 8 in Long Blades
  6104 | D:5      | Reached XP level 8. HP: 59/64 MP: 8/8
  6379 | D:5      | Reached skill level 9 in Long Blades
  6953 | D:5      | Found a glowing golden altar of the Shining One.
  7130 | D:6      | Got a faintly glowing spear
  7141 | D:6      | Found a glowing drain.
  7172 | Sewer    | Entered a sewer
  7789 | D:6      | Killed from afar by an orc priest

Levels and vault maps discovered:
D:1:      dpeg_arrival_more_subterranean_lakeside_camping, layout_basic,
          okawaru_ov_weapons_minmay
D:2:      layout_loops_corners, lemuel_zombie_altar_kikubaaqudgha
D:3:      layout_basic, first_ration
D:4:      layout_rooms, serial_shops, shop_fountains, minmay_misc_feat_x,
          uniq_robin
D:5:      layout_cave_pools, kennysheep_crisscross, hangedman_decor_points,
          nicolae_tso_swordbearing_angel, uniq_eustachio
D:6:      layout_rooms, minmay_temple_entry_nine_rooms, gup_sewer_entry_glass,
          nrook_uturn

Skill      XL: |  1  2  3  4  5  6  7  8 |
---------------+-------------------------+-----
Long Blades    | 4 5 6 7 8 9 |  9.9
Fighting       | 3 4 5 7 |  7.0
Dodging        | 4 5 |  5.0
Armour         | 1 2 4 |  4.8
Throwing       | |  2.0

Action                   |  1- 3 |  4- 6 |  7- 9 || total
-------------------------+-------+-------+-------++-------
Melee: Long sword        |    94 |   187 |   194 ||   475
Throw: Throwing net      |     3 |       |       ||     3
       Stone             |    39 |   104 |    80 ||   223
 Abil: Hop               |       |       |     1 ||     1
  Use: Scroll            |       |     6 |     7 ||    13
       Potion            |       |       |     2 ||     2
  Eat: Chunk             |     4 |     8 |     9 ||    21
       Ration            |       |     1 |       ||     1
Armor: Leather armour    |    21 |    57 |       ||    78
       Ring mail         |       |     3 |    78 ||    81
Dodge: Dodged            |    83 |   152 |   138 ||   373
       Rpst.: Long sword |    28 |    45 |    44 ||   117
